 Dungeon Crawl Stone Soup version 0.31.0-11-ge490571c62 (webtiles) character file.

Game seed: 2185885447801720623

140 qw the Skirmisher (level 5, -2/29 HPs)
             Began as a Deep Elf Hunter on Feb 4, 2024.
             Slain by Pikel
             ... wielding a +2 whip of flaming
              (7 damage)
             ... on level 4 of the Dungeon.
             The game lasted 00:00:56 (2730 turns).

qw the Skirmisher (Deep Elf Hunter)                 Turns: 2730, Time: 00:00:56

Health: -2/29      AC:  5    Str: 10    XL:     5   Next: 2%
Magic:  7/7        EV: 13    Int: 14    God:
Gold:   94         SH:  0    Dex: 18    Spells: 4/4 levels left

rFire   . . .        a - +0 shortbow
rCold   . . .        (shield currently unavailable)
rNeg    . . .        c - +1 robe of Untold Secrets {rPois}
rPois   +            (no helmet)
rElec   .            d - +1 cloak
rCorr   .            (no gloves)
SInv    .            (no boots)
Will    .....        (no amulet)
Stlth   ++           (no ring)
HPRegen 0.24/turn    (no ring)
MPRegen 0.10/turn

%: no passive effects
@: about to teleport
A: no striking features
a: no special abilities


You were on level 4 of the Dungeon.
You visited 1 branch of the dungeon, and saw 4 of its levels.

You collected 94 gold pieces.


   Skills:
 - Level 1.5 Fighting
 + Level 8.0 Ranged Weapons
 - Level 3.3 Dodging
 - Level 1.2 Stealth


You had 4 spell levels left.
You didn't know any spells.
Your spell library was empty.

Inventory:

Hand Weapons
 a - a +0 shortbow (weapon)
Armour
 c - the +1 robe of Untold Secrets (worn) {rPois}
   (You found it on level 2 of the Dungeon)

   rPois:     It protects you from poison
 d - a +1 cloak (worn)
 g - a +0 ring mail
Jewellery
 h - a ring of poison resistance
Scrolls
 i - a scroll of teleportation
Potions
 f - a potion of cancellation

Dungeon Overview and Level Annotations

Branches:
Dungeon (4/15)
 Temple: D:4-7

Altars:
Fedhas
Ru
Xom

Annotations:
D:4 Pikel


Message History

It was a scroll of vulnerability.
You start waiting.
You feel your willpower return.
Done waiting.
Done exploring.
2721 ||| READING scroll labelled ORGHUE FECROBOTO.
As you read the scroll labelled ORGHUE FECROBOTO, it crumbles to dust.
The air around you briefly surges with heat, but it dissipates.
It was a scroll of immolation.
Done exploring.
What level of the Dungeon? (default 4, ? - help)
You climb downwards.
Level annotation: Pikel Pikel hits you with a +2 whip of flaming.
Pikel burns you.
There is a stone staircase leading up here.
You shoot an arrow.
The arrow hits Pikel but does no damage.
Pikel closely misses you.
You shoot an arrow.
The arrow hits Pikel but does no damage.
Pikel hits you with a +2 whip of flaming.
Pikel burns you.
You shoot an arrow. The arrow closely misses Pikel.
Pikel closely misses you.
You shoot an arrow. The arrow misses Pikel.
Pikel hits you with a +2 whip of flaming.
Pikel burns you.
You shoot an arrow.
The arrow hits Pikel but does no damage.
Pikel hits you with a +2 whip of flaming!
Pikel burns you.
2729 ||| READING 2 scrolls of teleportation.
As you read the scroll of teleportation, it crumbles to dust.
You feel strangely unstable. Pikel barely misses you.
You shoot an arrow. The arrow barely misses Pikel.
Pikel hits you with a +2 whip of flaming!
You die...
Pikel says, "Another soul for the market."

#. ..# #...# #.#.### # #.....#
# .. #####..##.######.## .#>
...#..##.......... ....
#.....#.....##.##.
~~~~~.#.........@....##.## #
~~~~~..........K...........
~>_~~.##..#.#............#.
~.8~~.##..#..........:.... .
~~~~~.##..#############..#
###..
~~~~~.#.#.###.....###.#..# ...
......#.#?......#.....#..###.#
.###....##.##...#.....#......#
.....##.##.##.#.#..####^####.#


You could see Pikel.

Vanquished Creatures
  3 lemures (D:4)
  A hound (D:4)
  A gnoll (D:1)
  2 adders
  2 dart slugs
  3 orcs (D:3)
  7 endoplasms
  6 giant cockroaches
  6 goblins
  3 hobgoblins
  5 jackals
  3 quokkas
  7 ball pythons
  2 bats
  3 frilled lizards
  11 kobolds
  7 rats
72 creatures vanquished.

Notes
Turn   | Place    | Note
-------+----------+-------------------------------------------
     0 | D:1      | qw the Deep Elf Hunter began the quest for the Orb.
     0 | D:1      | Reached XP level 1. HP: 12/12 MP: 3/3
     0 | D:1      | 0 ||| qw: Version: 0.3-a-160-g6735b56
     0 | D:1      | 0 ||| qw: Game counter: 5965
     0 | D:1      | 0 ||| qw: Melee chars always use a shield: true
     0 | D:1      | 0 ||| qw: God list: Okawaru
     0 | D:1      | 0 ||| qw: Allow faded altars: false
     0 | D:1      | 0 ||| qw: Do Orc after clearing Dungeon:15 true
     0 | D:1      | 0 ||| qw: Do second Lair branch before Depths: true
     0 | D:1      | 0 ||| qw: Lair rune preference: random
     0 | D:1      | 0 ||| qw: Goals: Normal
     0 | D:1      | 0 ||| PLANNING D:1-11
   171 | D:1      | Reached skill level 6 in Ranged Weapons
   171 | D:1      | Reached XP level 2. HP: 16/16 MP: 4/4
   458 | D:1      | Reached XP level 3. HP: 20/20 MP: 5/5
   679 | D:1      | 679 ||| UPGRADING to +0 cloak.
   684 | D:1      | 684 ||| UPGRADING to +0 ring mail.
   694 | D:1      | 694 ||| DROPPING +0 leather armour.
   695 | D:1      | 695 ||| READING scroll labelled VIURIH KAUS.
   696 | D:1      | 696 ||| DROPPING scroll of butterflies.
   778 | D:2      | Reached skill level 7 in Ranged Weapons
   953 | D:2      | Identified the +1 robe of Untold Secrets {rPois}
  1434 | D:2      | 1434 ||| UPGRADING to +1 robe of Untold Secrets {rPois}.
  1444 | D:2      | 1444 ||| READING 7 scrolls labelled AJAECE GEANIC.
  1444 | D:2      | 1444 ||| IDENTIFYING green potion
  1445 | D:2      | 1445 ||| READING 6 scrolls of identify.
  1445 | D:2      | 1445 ||| IDENTIFYING lumpy red potion
  1446 | D:2      | 1446 ||| READING 5 scrolls of identify.
  1446 | D:2      | 1446 ||| IDENTIFYING scroll labelled ZIS GEIRUQ QAE
  1447 | D:2      | 1447 ||| READING 4 scrolls of identify.
  1447 | D:2      | 1447 ||| IDENTIFYING scroll labelled ICZUICKARE
  1448 | D:2      | 1448 ||| READING 3 scrolls of identify.
  1448 | D:2      | 1448 ||| IDENTIFYING 2 scrolls labelled WUENKI DISA
  1449 | D:2      | 1449 ||| DROPPING potion of brilliance.
  1450 | D:2      | 1450 ||| DROPPING scroll of fog.
  1451 | D:2      | 1451 ||| DROPPING scroll of noise.
  1628 | D:3      | Reached XP level 4. HP: 25/25 MP: 6/6
  1828 | D:3      | Found a sacrificial altar of Ru.
  2071 | D:3      | Found a faded altar of an unknown god.
  2133 | D:3      | 2133 ||| READING 2 scrolls of identify.
  2133 | D:3      | 2133 ||| IDENTIFYING 2 puce potions
  2134 | D:3      | 2134 ||| READING scroll of identify.
  2134 | D:3      | 2134 ||| IDENTIFYING scroll labelled REZITU JIYM
  2135 | D:3      | 2135 ||| READING scroll of enchant armour.
  2135 | D:3      | 2135 ||| ENCHANTING +0 cloak.
  2136 | D:3      | 2136 ||| DROPPING 2 potions of attraction.
  2156 | D:4      | 2156 ||| STAIRDANCE
  2160 | D:4      | 2160 ||| STAIRDANCE
  2165 | D:4      | 2165 ||| STAIRDANCE
  2170 | D:4      | 2170 ||| STAIRDANCE
  2208 | D:4      | Found a shimmering altar of Xom.
  2236 | D:4      | Reached skill level 8 in Ranged Weapons
  2278 | D:4      | Found a blossoming altar of Fedhas.
  2314 | D:4      | Reached skill level 3 in Dodging
  2325 | D:4      | Reached XP level 5. HP: 29/29 MP: 7/7
  2388 | D:4      | Noticed a lemure
  2390 | D:4      | Noticed Pikel
  2391 | D:4      | Noticed a lemure
  2393 | D:4      | 2393 ||| RETREEEEATING.
  2394 | D:4      | 2394 ||| RETREEEEATING.
  2398 | D:4      | Killed a lemure
  2414 | D:4      | HP: 6/29 [lemure[Pikel] (7)]
  2415 | D:4      | 2415 ||| READING 3 scrolls of teleportation.
  2417 | D:4      | Killed a lemure
  2479 | D:4      | 2479 ||| FLEEEEING.
  2480 | D:4      | 2480 ||| FLEEEEING.
  2481 | D:4      | Noticed a lemure
  2482 | D:4      | 2482 ||| FLEEEEING.
  2513 | D:4      | Noticed a lemure
  2547 | D:4      | Killed a lemure
  2597 | D:4      | 2597 ||| FLEEEEING.
  2598 | D:4      | 2598 ||| FLEEEEING.
  2599 | D:4      | 2599 ||| FLEEEEING.
  2600 | D:4      | 2600 ||| STAIRDANCE
  2620 | D:3      | 2620 ||| READING scroll labelled LUF BE PAKUGA.
  2721 | D:3      | 2721 ||| READING scroll labelled ORGHUE FECROBOTO.
  2728 | D:4      | HP: 5/29 [Pikel/+2 whip of flaming (4)]
  2729 | D:4      | 2729 ||| READING 2 scrolls of teleportation.
  2730 | D:4      | Slain by Pikel

Levels and vault maps discovered:
D:1:      tarquinn_simple_flora_water_b, layout_basic, serial_glass,
          glass_columns_c, glass_columns_a, glass_columns_a, glass_columns_b,
          glass_columns_c, glass_columns_a, glass_columns_a, glass_columns_a,
          glass_columns_b, glass_columns_a, item_on_display_b,
          minmay_strange_pillars, item_on_display_a, minmay_strange_pillars
D:2:      layout_loops_ring, serial_rivers, chequers_serial_rivers_small_b,
          chequers_serial_rivers_small_b, chequers_serial_rivers_large_a,
          chequers_serial_rivers_micro_b, chequers_serial_rivers_small_b,
          chequers_serial_rivers_room_a
D:3:      layout_loops_ring, mainiacjoe_overflow_tiny_flanked,
          hellmonk_ecumenical_altar_defaced_shrine
D:4:      layout_basic, xom_teletrap_fun, general_overflow_altar,
          serial_bayou_pond_e, uniq_pikel

Skill      XL: |  1  2  3  4 |
---------------+-------------+-----
Ranged Weapons | 6 7 8 |  8.0
Dodging        | 3 |  3.3
Fighting       | |  1.5
Stealth        | |  1.2

Action                     |  1- 3 |  4- 6 || total
---------------------------+-------+-------++-------
   Fire: Shortbow          |   122 |   129 ||   251
    Use: Scroll            |     6 |     7 ||    13
 Armour: Leather armour    |     3 |       ||     3
         Ring mail         |    10 |       ||    10
         Robe              |       |    42 ||    42
  Dodge: Dodged            |    22 |    36 ||    58

Table legend:
 A = Non-vault XP
 B = Vault XP
 C = Vault XP percentage of total XP
 D = Non-vault monster count
 E = Vault monster count
 F = Vault count percentage of total count
                 A         B        C        D         E       F
            +---------+---------+-------+---------+---------+-------
      Total |     192 |       9 |   4.5 |      66 |       3 |   4.3
            +---------+---------+-------+---------+---------+-------
        D:1 |      54 |       0 |   0.0 |      25 |       0 |   0.0
        D:2 |      35 |       0 |   0.0 |      13 |       0 |   0.0
        D:3 |      42 |       9 |  17.6 |      18 |       3 |  14.3
        D:4 |      61 |       0 |   0.0 |      10 |       0 |   0.0
            +---------+---------+-------+---------+---------+-------
